 Dungeon Crawl Stone Soup version 0.31.0-1-g2c135a0 (webtiles) character file.

Game seed: 301928974418731344

35 BackgroundCharacter the Shield-Bearer (level 3, 0/36 HPs)
             Began as a Troll Fighter on Feb 22, 2024.
             Incinerated by a bombardier beetle (4 damage)
             ... with a burning spray
             ... on level 1 of the Dungeon.
             The game lasted 00:18:45 (1429 turns).

BackgroundCharacter the Shield-Bearer (TrFi)        Turns: 1429, Time: 00:18:45

Health: 0/36       AC:  5    Str: 26    XL:     3   Next: 17%
Magic:  2/2        EV:  9    Int:  4    God:
Gold:   72         SH:  7    Dex:  9    Spells: 2/2 levels left

rFire   . . .        e - +0 dagger
rCold   . . .        c - +0 kite shield
rNeg    . . .        b - +0 robe
rPois   .            (helmet restricted)
rElec   .            u - +0 cloak
rCorr   .            (gloves unavailable)
SInv    .            (boots unavailable)
Will    .....        k - amulet of regeneration
Stlth   +            (no ring)
HPRegen 1.86/turn    (no ring)
MPRegen 0.08/turn

%: no passive effects
@: on fire, glowing
A: large, unfitting armour, claws 3, regeneration 1, shaggy fur 1, tough skin 1
a: no special abilities


You were on level 1 of the Dungeon.
You visited 1 branch of the dungeon, and saw 2 of its levels.

You collected 72 gold pieces.

Inventory:

Hand Weapons
 a - a +0 war axe
 e - a +0 dagger (weapon)
 h - a +0 flail
 i - a +0 short sword
 l - a +0 club
 o - a +0 club
 p - a +0 dagger
 s - a +0 spear
 t - a +0 short sword
 v - a +0 dagger
Missiles
 q - 15 stones (quivered)
Armour
 b - a +0 robe (worn)
 c - a +0 kite shield (worn)
 f - a +0 robe
 g - a +0 pair of boots
 u - a +0 cloak (worn)
Jewellery
 k - an amulet of regeneration (around neck)
Scrolls
 j - a scroll of enchant weapon {unknown}
 m - a scroll of revelation {unknown}
 r - a scroll of immolation {unknown}
Potions
 d - a potion of might
 n - a potion of invisibility {unknown}


   Skills:
 + Level 2.6 Fighting
 + Level 1.8 Axes
 + Level 2.8 Dodging
 + Level 3.2 Shields


You had 2 spell levels left.
You didn't know any spells.
Your spell library was empty.

Dungeon Overview and Level Annotations

Branches:
Dungeon (2/15)

Altars:


Innate Abilities, Weirdness & Mutations

You are too large for most types of armour.
You have claws for hands.
Your natural rate of healing is unusually fast.
You are covered in fur. (AC +1)
You have tough skin. (AC +1)


Message History

You block the bombardier beetle's attack.
You hit the bombardier beetle but do no damage.
The bombardier beetle is heavily wounded.
The liquid fire burns you!
You barely miss the bombardier beetle.
The bombardier beetle is heavily wounded.
The liquid fire burns you!
The bombardier beetle sprays incendiary fluid at you.
The burning spray hits you.
You are even more covered in liquid fire!
You hit the bombardier beetle but do no damage.
The bombardier beetle is heavily wounded.
The liquid fire burns you!
You block the bombardier beetle's attack.
You hit the bombardier beetle.
The bombardier beetle is heavily wounded.
The liquid fire burns you!
You closely miss the bombardier beetle.
The bombardier beetle is heavily wounded.
The liquid fire burns you!
The bombardier beetle closely misses you.
You barely miss the bombardier beetle.
The bombardier beetle is heavily wounded.
The liquid fire burns you!
The bombardier beetle closely misses you.
You shake off some of the fire as you move.
The liquid fire burns you!
* * * LOW HITPOINT WARNING * * *
You shake off some of the fire as you move.
The liquid fire burns you!
* * * LOW HITPOINT WARNING * * *
You shake off some of the fire as you move.
The liquid fire burns you!
* * * LOW HITPOINT WARNING * * *
You shake off some of the fire as you move.
The liquid fire burns you!
* * * LOW HITPOINT WARNING * * *
You shake off some of the fire as you move.
The liquid fire burns you!
You die...

............########### ######
............#.........# #....#
............#.........# #....#
......................# #....#
............###.#B....# #....#
..†.........# #.#.....######....#
...>........# #.#...###.........#
...†..#'#######.#...###.........#
................@.....'..........
####'##.####........###.........#
####....# #........# #.........#
........## #........# ######....#
......#..# #........# ######
......##.###........###### ##
......##..##.............#######.
......'..........#.........'.'.'.
......###........#.......#######.


You could see a bombardier beetle.

Vanquished Creatures
  A dart slug (D:1)
  4 ball pythons
  2 endoplasms (D:1)
  2 giant cockroaches (D:1)
  3 goblins (D:1)
  4 hobgoblins
  2 jackals (D:1)
  4 kobolds (D:1)
  2 quokkas (D:1)
  2 bats (D:1)
  3 frilled lizards (D:1)
29 creatures vanquished.

Notes
Turn   | Place    | Note
-------+----------+-------------------------------------------
     0 | D:1      | BackgroundCharacter the Troll Fighter began the quest for
                  | the Orb.
     0 | D:1      | Reached XP level 1. HP: 22/22 MP: 0/0
   236 | D:1      | Reached XP level 2. HP: 29/29 MP: 1/1
   289 | D:1      | Reached skill level 3 in Shields
  1247 | D:2      | Noticed a bombardier beetle
  1261 | D:1      | Reached XP level 3. HP: 23/36 MP: 2/2
  1429 | D:1      | Incinerated by a bombardier beetle

Illustrated notes

Levels and vault maps discovered:
D:1:      minmay_arrival_doors, layout_basic, glass_columns_a
D:2:      layout_rooms, nicolae_the_louvre

Skill      XL: |  1  2 |
---------------+-------+-----
Shields        | 3 |  3.2
Fighting       | |  2.6
Axes           | |  1.8
Dodging        | |  2.8

Action                     || total
---------------------------++-------
  Melee: War axe           ||    32
         Dagger            ||   237
 Armour: Robe              ||   236
  Dodge: Dodged            ||   146
  Block: Kite shield       ||   175
